 Dungeon Crawl Stone Soup version 0.28-b1-25-g9875b3fc8c (webtiles) character file.

Game seed: 6762607379269634295

5959 croobank the Basher (level 10, 0/91 HPs)
             Began as a Minotaur Berserker on Feb 1, 2022.
             Was an Elder of Trog.
             Slain by a troll (2 damage)
             ... on level 9 of the Dungeon.
             The game lasted 00:33:11 (10255 turns).

croobank the Basher (Minotaur Berserker)           Turns: 10255, Time: 00:33:12

Health: 0/91       AC: 11    Str: 29    XL:     10   Next: 54%
Magic:  9/9        EV: 10    Int:  7    God:    Trog [****..]
Gold:   523        SH:  5    Dex: 10    Spells: 9/9 levels left

rFire   . . .      SeeInvis .   L - +2 flail (protect)
rCold   + + .      Faith    .   r - +0 buckler
rNeg    . . .      Spirit   .   A - +0 chain mail
rPois   +          Reflect  .   (helmet restricted)
rElec   .          Harm     .   p - scarf {rC+ rF+}
rCorr   +          Rampage  .   (no gloves)
Will    .....                   (no boots)
Stlth   ..........              (no amulet)
HPRegen 0.25/turn               y - ring of resist corrosion
MPRegen 0.11/turn               g - ring "Joloymuxt" {Ice rPois rCorr Str+3 Int+3}

@: on berserk cooldown, slowed, very slow
A: horns 2, retaliatory headbutt
a: Renounce Religion, Berserk, Trog's Hand, Brothers in Arms


You were on level 9 of the Dungeon.
You worshipped Trog.
Trog was greatly pleased with you.
You visited 2 branches of the dungeon, and saw 10 of its levels.
You also visited: Sewer and Bailey.

You collected 523 gold pieces.

Inventory:

Hand Weapons
 d - a +1 mace of venom
 k - a +2 dagger of venom
 o - a +0 war axe
 I - a +1 vorpal flail
 K - a +2 vampiric short sword
 L - a +2 flail of protection (weapon)
 M - a +3 whip
 N - a +0 hand crossbow
 O - a +1 antimagic spear
Missiles
 h - 283 stones
 i - 127 sling bullets
 l - 15 boomerangs (quivered)
 t - 139 arrows
 w - 143 bolts
 E - a curare-tipped dart
Armour
 b - a +0 plate armour
 p - a scarf of resistance (worn)
 r - a +0 buckler (worn)
 A - a +0 chain mail (worn)
Jewellery
 g - the ring "Joloymuxt" (right hand) {Ice rPois rCorr Str+3 Int+3}
   (You acquired it on level 6 of the Dungeon)

   [ring of ice]

   It enhances your ice magic.
   Str:       It affects your strength (+3).
   Int:       It affects your intelligence (+3).
   rF:        It makes you vulnerable to fire.
   rC:        It protects you from cold.
   rPois:     It protects you from poison.
   rCorr:     It protects you from acid and corrosion.
 y - a ring of resist corrosion (left hand)
 J - a ring of flight
Wands
 f - a wand of iceblast (11)
 F - a wand of flame (21)
Scrolls
 a - 2 scrolls of blinking
 c - 4 scrolls of teleportation
 s - 3 scrolls of fog
 B - 2 scrolls of immolation {unknown}
 C - a scroll of magic mapping {unknown}
 G - a scroll of holy word {unknown}
 P - a scroll of fear {unknown}
 Q - a scroll of enchant weapon {unknown}
Potions
 e - 2 potions of magic
 j - 2 potions of haste
 m - a potion of invisibility {unknown}
 n - a potion of brilliance {unknown}
 q - a potion of berserk rage {unknown}
 u - 3 potions of heal wounds {unknown}
 v - 2 potions of flight {unknown}
 x - 4 potions of mutation
 z - 3 potions of lignification
 D - a potion of degeneration {unknown}
 H - 2 potions of might


   Skills:
 + Level 9.1 Fighting
 + Level 4.1(8.4) Axes
 + Level 11.4(11.7) Maces & Flails
 + Level 1.1 Throwing
 + Level 10.7 Armour
 + Level 3.9 Dodging
 + Level 0.9 Stealth
 + Level 5.0 Shields
 + Level 0.5 Evocations


You had 9 spell levels left.
You didn't know any spells.
Your spell library was empty.

Dungeon Overview and Level Annotations

Branches:
Dungeon (9/15)             Temple (0/1) D:4             Orc (1/2) D:9
  Sewer (visited)          Bailey (visited)
   Lair: D:8-11

Altars:
Gozag
Qazlal
Ru
Sif Muna
Vehumet
The Shining One

Annotations:
D:3 1 runed translucent door, crazypyro's ghost, amateur MiFi


Innate Abilities, Weirdness & Mutations

You have a pair of horns on your head.
You reflexively headbutt those who attack you in melee.


Message History

There is a staircase to the Orcish Mines here.
The troll bites you!
* * * LOW HITPOINT WARNING * * *
The troll claws you.
* * * LOW HITPOINT WARNING * * *
The troll closely misses you.
Aiming: Iceblast
Press: ? - help, Shift-Dir - straight line The mass of ice explodes!
The iceblast engulfs the troll!
The troll is moderately wounded.
The troll bites you but does no damage. The troll barely misses you.
You block the troll's attack.
You hit the troll.
Your weapon exudes an aura of protection.
You headbutt the troll.
The troll is heavily wounded.
The troll bites you but does no damage. The troll barely misses you.
The troll claws you but does no damage.
You barely miss the troll.
The troll is heavily wounded.
The troll barely misses you. The troll completely misses you.
The troll claws you but does no damage.
You barely miss the troll.
The troll is moderately wounded.
The troll barely misses you. The troll claws you.
* * * LOW HITPOINT WARNING * * *
The troll claws you but does no damage. The troll completely misses you.
The troll claws you.
* * * LOW HITPOINT WARNING * * *
The troll barely misses you.
Aiming: Iceblast
Press: ? - help, Shift-Dir - straight line The mass of ice explodes!
The iceblast engulfs the troll!
The troll is severely wounded.
The troll bites you.
* * * LOW HITPOINT WARNING * * *
The troll claws you!
* * * LOW HITPOINT WARNING * * *
The troll claws you.
You die...

######## .......#
####### .......#
#.....# .......#
#.....# .......####
#.....# ...........
###.....#
....#...#..##...@T..#
...###.###....#.....#
....#...#..#.[......#
......_....#.##.....#
....#...#....########
##.###.###..##
....#...#...#
###########
............#
#.........#
............#
#.........#


You could see a troll.

Vanquished Creatures
  A two-headed ogre (D:9)
  An unseen horror (D:7)
  A troll (D:6)
  Grinder (D:5)
  Sigmund (D:5)
  A wraith (D:9)
  A steam dragon (D:9)
  Menkaure (D:6)
  Edmund (D:6)
  3 water moccasins
  2 orc warriors
  2 ice beasts
  A black bear (D:7)
  A hornet zombie (D:7)
  A sky beast (D:7)
  2 necrophages
  2 ogres (D:5)
  3 centaurs
  2 kobold brigands
  3 phantoms
  4 bullfrogs
  2 gnoll sergeants (D:7)
  2 scorpions
  A wyvern skeleton (D:7)
  2 water moccasin skeletons (D:5)
  4 killer bees (D:8)
  3 howler monkeys
  3 centaur zombies
  A centaur skeleton (D:5)
  3 hounds
  4 orc priests
  A gnoll shaman (D:4)
  3 iguanas
  4 orc wizards
  2 killer bee zombies
  2 hound skeletons
  4 howler monkey zombies
  10 gnolls
  13 adders
  6 river rats
  3 white imps
  3 ufetubi
  2 adder skeletons (D:5)
  4 worms
  3 dart slugs
  13 orcs
  6 bats
  4 endoplasms
  8 giant cockroaches
  10 hobgoblins
  2 jackals
  4 quokkas
  7 ball pythons
  5 frilled lizards (Sewer)
  5 goblins
  17 kobolds
  14 rats
215 creatures vanquished.

Vanquished Creatures (collateral kills)
  An orc warrior (D:8)
1 creature vanquished.

Vanquished Creatures (others)
  A fungus (D:5)
1 creature vanquished.

Grand Total: 217 creatures vanquished

Notes
Turn   | Place    | Note
-------+----------+-------------------------------------------
     0 | D:1      | croobank the Minotaur Berserker began the quest for the
                  | Orb.
     0 | D:1      | Reached XP level 1. HP: 19/19 MP: 0/0
    51 | D:1      | Found a faded altar of an unknown god.
   220 | D:1      | Reached XP level 2. HP: 24/27 MP: 1/1
   245 | D:1      | You fall into a shaft and drop 1 floor!
   530 | D:2      | Reached XP level 3. HP: 29/34 MP: 2/2
  1065 | D:2      | Reached ** piety under Trog
  1066 | D:2      | Reached skill level 1 in Maces & Flails
  1606 | D:3      | Found a runed translucent door.
  1606 | D:3      | Noticed a bullfrog
  1607 | D:3      | Noticed crazypyro's ghost (amateur MiFi)
  1862 | D:3      | Reached XP level 4. HP: 41/41 MP: 3/3
  2019 | D:3      | Reached skill level 2 in Maces & Flails
  2389 | D:3      | Found a shimmering blue altar of Sif Muna.
  2856 | D:4      | Reached skill level 3 in Maces & Flails
  2856 | D:4      | Reached XP level 5. HP: 12/47 MP: 4/4
  3167 | D:4      | Found a staircase to the Ecumenical Temple.
  3335 | D:4      | Noticed a necrophage
  3352 | D:4      | Killed a necrophage
  3353 | D:4      | Reached skill level 5 in Fighting
  3353 | D:4      | Reached skill level 4 in Maces & Flails
  3353 | D:4      | Reached XP level 6. HP: 56/56 MP: 5/5
  3858 | D:4      | Found an opulent altar of Gozag.
  4243 | D:5      | Entered Level 5 of the Dungeon
  4249 | D:5      | Reached skill level 5 in Maces & Flails
  4253 | D:5      | Found a stormy altar of Qazlal.
  4316 | D:5      | Noticed Sigmund
  4324 | D:5      | Reached XP level 7. HP: 5/61 MP: 6/6
  4518 | D:5      | Found a glowing drain.
  4526 | Sewer    | Entered a sewer
  4682 | Sewer    | Reached skill level 5 in Armour
  4720 | Sewer    | Reached *** piety under Trog
  4992 | D:5      | Reached skill level 6 in Maces & Flails
  4992 | D:5      | Reached skill level 1 in Shields
  5004 | D:5      | Found a sacrificial altar of Ru.
  5095 | D:5      | Noticed Grinder
  5115 | D:5      | Killed Grinder
  5116 | D:5      | Reached XP level 8. HP: 71/71 MP: 7/7
  5147 | D:5      | Killed Sigmund
  5148 | D:5      | Reached skill level 7 in Maces & Flails
  5886 | D:6      | Noticed Edmund
  5896 | D:6      | Killed Edmund
  5897 | D:6      | Reached skill level 8 in Maces & Flails
  6238 | D:6      | Noticed Menkaure
  6253 | D:6      | Killed Menkaure
  6327 | D:6      | Noticed a troll
  6334 | D:6      | Killed a troll
  6335 | D:6      | Reached XP level 9. HP: 67/79 MP: 8/8
  7004 | D:6      | Identified a scroll of acquirement
  7004 | D:6      | Acquired the ring "Joloymuxt" {Ice rPois rCorr Str+3 Int+3}
  7227 | D:7      | Reached **** piety under Trog
  7306 | D:7      | Killed an unseen horror
  7307 | D:7      | Reached skill level 9 in Maces & Flails
  8295 | D:7      | Found a glowing golden altar of the Shining One.
  8380 | D:7      | Reached skill level 10 in Maces & Flails
  8625 | D:7      | Reached XP level 10. HP: 88/90 MP: 9/9
  8914 | D:8      | Found a flagged portal.
  8923 | D:8      | Reached skill level 10 in Armour
  8983 | Bailey   | Entered a bailey
  9746 | D:9      | Noticed a two-headed ogre
  9754 | D:9      | Killed a two-headed ogre
  9755 | D:9      | Reached skill level 11 in Maces & Flails
  9755 | D:9      | Reached skill level 1 in Throwing
  9789 | D:9      | Reached skill level 5 in Shields
 10080 | D:9      | Found a radiant altar of Vehumet.
 10193 | D:9      | Found a staircase to the Orcish Mines.
 10205 | Orc:1    | Entered Level 1 of the Orcish Mines
 10255 | D:9      | HP: 2/91 [troll (7)]
 10255 | D:9      | Slain by a troll

Illustrated notes

Levels and vault maps discovered:
D:1:      minmay_arrival_split_and_join, layout_rooms,
          shapermc_ecumenical_altar_mp_highgroup, hangedman_decor_lopped,
          serial_bayou_crossing
D:2:      layout_loops_ring
D:3:      cheibrodos_old_hovel, layout_loops_corners,
          mainiacjoe_overflow_tiny_flanked, ebering_ghost_sewer_d,
          chequers_serial_rivers_small_b, minivault_14, corner_web_ring
D:4:      nicolae_cairo_tiling, layout_cave_pods, grunt_gozag_breadcrumbs,
          minmay_temple_entry_drinking_statues, minmay_fractal_squares_5
D:5:      minmay_inner_zag, layout_rooms, nicolae_qazlal_general_emergency,
          nicolae_ru_the_path_less_chosen, portal_sewer_entry_b, uniq_grinder,
          uniq_sigmund
D:6:      layout_layer_cave, uniq_edmund, uniq_menkaure
D:7:      minmay_bubble_buster, layout_loops_ring, tso_altar
D:8:      layout_basic, enter_bailey_2
D:9:      layout_rooms, mainiacjoe_overflow_chevrons, vehumet_crystals,
          orc_0_dummy
Orc:1:    layout_caves, basic_altar

Skill      XL: |  1  2  3  4  5  6  7  8  9 10 |
---------------+-------------------------------+-----
Fighting       | 4 5 6 7 8 9 |  9.1
Axes           | 4 |  4.1
Maces & Flails | 1 3 4 5 6 8 10 11 | 11.4
Armour         | 3 4 6 8 9 10 | 10.7
Shields        | 2 3 4 5 |  5.0
Dodging        | 3 |  3.9
Throwing       | 1 |  1.1
Stealth        | |  0.9
Evocations     | |  0.5

Action                   |  1- 3 |  4- 6 |  7- 9 | 10-12 || total
-------------------------+-------+-------+-------+-------++-------
Melee: Mace              |    74 |   108 |   283 |       ||   465
       Headbutt          |     7 |    12 |    68 |    20 ||   107
       Flail             |       |       |    24 |   106 ||   130
Throw: Boomerang         |       |     4 |     5 |     4 ||    13
Invok: Berserk           |       |     1 |     4 |     4 ||     9
       Trog's Hand       |       |       |     2 |     1 ||     3
       Brothers in Arms  |       |       |       |     1 ||     1
Evoke: Wand              |       |       |     4 |     4 ||     8
  Use: Scroll            |       |     5 |     7 |     4 ||    16
       Potion            |       |       |     1 |     1 ||     2
Armor: Animal skin       |    12 |       |       |       ||    12
       Leather armour    |    10 |       |       |       ||    10
       Ring mail         |     1 |     7 |       |       ||     8
       Chain mail        |       |    39 |   163 |    85 ||   287
Dodge: Dodged            |    51 |    48 |   120 |    78 ||   297
Block: Buckler           |     1 |    10 |    50 |    27 ||    88
